 Dungeon Crawl Stone Soup version 0.18-a0-1195-g77a4f03 (webtiles) character file.

25 Duffy the Sneak (level 3, -4/18 HPs)
             Began as a Vine Stalker Assassin on Jan 29, 2016.
             Slain by a worm (6 damage)
             ... on level 2 of the Dungeon.
             The game lasted 00:00:51 (1091 turns).

Duffy the Sneak (Vine Stalker Assassin)             Turns: 1091, Time: 00:00:51

Health: -4/18      AC:  3    Str: 13    XL:     3   Next: 4%
Magic:  0/4        EV: 12    Int: 12    God:
Gold:   26         SH:  0    Dex: 15    Spells: 0 memorised, 2 levels left

rFire  . . .     SeeInvis .     a - +2 dagger
rCold  . . .     Gourm    .     c - +0 robe
rNeg   . . .     Faith    .     (no shield)
rPois  .         Spirit   +     (no helmet)
rElec  .         Dismiss  .     d - +0 cloak
rCorr  .         Reflect  .     (no gloves)
SustAt .         Harm     .     (no boots)
MR     .....                    (no amulet)
Stlth  +++.......               (no ring)
                                (no ring)

@: not resistant to hostile enchantments, fairly stealthy
A: fangs 2, regeneration 1, magic shield, antimagic bite, no device heal 3, rot
immunity
a: no special abilities


You were on level 2 of the Dungeon.
You were hungry.

You visited 1 branch of the dungeon, and saw 2 of its levels.

You collected 26 gold pieces.


Innate Abilities, Weirdness & Mutations

You have extremely sharp teeth.
Your natural rate of healing is unusually fast.
When hurt, damage is shared between your health and your magic reserves.
Your bite disrupts and absorbs the magic of your enemies.
Potions and wands cannot restore your health.
You are immune to rotting.


   Skills:
 + Level 2.1 Fighting
 + Level 2.1 Short Blades
 - Level 2.0 Throwing
 + Level 1.4 Dodging
 - Level 4.8 Stealth


You had 2 spell levels left.
You didn't know any spells.

Inventory:

Hand Weapons
 a - a +2 dagger (weapon)
 b - a +0 blowgun
Missiles
 e - 8 poisoned needles
 f - 2 curare-tipped needles
Armour
 c - a +0 robe (worn)
 d - a +0 cloak (worn)
Scrolls
 j - 2 scrolls of remove curse {unknown}
 q - a scroll of fog {unknown}
Potions
 h - a potion of lignification {unknown}
 i - a potion of might {unknown}
 k - a potion of haste {unknown}
 l - a potion of mutation {unknown}
 o - a potion of agility {unknown}
 p - a potion of cancellation {unknown}
Comestibles
 g - 3 bread rations
 m - a royal jelly
 n - a beef jerky

Dungeon Overview and Level Annotations

Branches:
Dungeon (2/15)

Altars:


Message History

You are too injured to fight recklessly!
You are too injured to fight recklessly!
You are too injured to fight recklessly!
You are too injured to fight recklessly!
You are too injured to fight recklessly!
You are too injured to fight recklessly!
You are too injured to fight recklessly!
You are too injured to fight recklessly!
You are too injured to fight recklessly!
You see here a goblin corpse.
The kobold closely misses you.
A bat comes into view.
The bat moves out of view.
You hit the kobold but do no damage. You hit the kobold.
You kill the kobold!
There is a stone staircase leading up here.
You swing at nothing.
You hit the worm.
The worm is heavily wounded.
You hit the worm. You bite the worm. You drain its power.
You feel invigorated.
The worm is severely wounded.
The worm bites you!
You barely miss the worm. You bite the worm. You drain its power.
You feel invigorated.
The worm is severely wounded.
You barely miss the worm.
The worm is severely wounded.
The worm barely misses you.
You barely miss the worm.
The worm is severely wounded.
You hit the worm.
The worm is almost dead.
The worm bites you!
You die...

### ### #..
..# #.###.###
#.#..)..
#@#.#.## #
#.w).%(7.7.7.7
###.#.(...$...
#.#7.7.7.7.7
#.#......
#.#7.7.7.7
...........
...7.7 7.7.7
...... ..!.


You could see a worm.

Action                   || total
-------------------------++-------
Melee: Dagger            ||    85
 Stab: Sleeping          ||     4

Notes
Turn   | Place    | Note
--------------------------------------------------------------
     0 | D:1      | Duffy the Vine Stalker Assassin began the quest for the Orb.
     0 | D:1      | Reached XP level 1. HP: 11/11 MP: 2/2
   191 | D:1      | Reached skill level 2 in Throwing
   271 | D:1      | Reached skill level 1 in Dodging
   319 | D:1      | Reached XP level 2. HP: 15/15 MP: 3/3
   399 | D:1      | Reached skill level 2 in Fighting
   440 | D:1      | Reached skill level 2 in Short Blades
  1063 | D:2      | Reached XP level 3. HP: 18/18 MP: 4/4
  1091 | D:2      | Slain by a worm

Vault maps used:
D:1:      evilmike_arrival_fibonacci_small, amethyst_killhole
D:2:      kennysheep_crisscross

Vanquished Creatures
  A giant gecko
  2 giant cockroaches
  4 goblins
  2 hobgoblins
  3 jackals
  2 kobolds
  A ball python
  3 bats
  5 rats
23 creatures vanquished.
